 Dungeon Crawl Stone Soup version 0.23.0 (webtiles) character file.

Game seed: 2397162423891630942

12848 Folque the Geomancer (level 11, -2/85 HPs)
             Began as a White Draconian Earth Elementalist on Feb 8, 2019.
             Was a High Priest of Sif Muna.
             Slain by an unseen horror (9 damage)
             ... on level 12 of the Dungeon.
             The game lasted 01:13:12 (15807 turns).

Folque the Geomancer (DrEE)                        Turns: 15807, Time: 01:13:13

Health: -2/85      AC:  9    Str: 12    XL:     11   Next: 67%
Magic:  20/21      EV: 15    Int: 25    God:    Sif Muna [*****.]
Gold:   744        SH:  0    Dex: 15    Spells: 8/23 levels left

rFire    . . .     SeeInvis .   w - +2 glaive of Yesterday {freeze, Str+2 Int+6 Dex+3}
rCold    + . .     Gourm    .   (shield currently unavailable)
rNeg     . . .     Faith    .   (armour unavailable)
rPois    +         Spirit   .   (helmet restricted)
rElec    .         Reflect  .   P - +0 cloak {rPois}
rCorr    .         Harm     .   (no gloves)
MR       .....                  u - +0 pair of boots
Stlth    ++........             r - amulet of regeneration
HPRegen  0.64/turn              m - ring of flight
MPRegen  0.17/turn              (no ring)

@: studying Maces & Flails, divine energy
A: breathe frost, unfitting armour, cold resistance 1, cold-blooded, AC +7
a: Breathe Frost, Stop Divine Energy, Channel Magic, Forget Spell, Renounce
Religion, Evoke Flight


You were on level 12 of the Dungeon.
You worshipped Sif Muna.
Sif Muna was extremely pleased with you.
You were not hungry.

You visited 3 branches of the dungeon, and saw 14 of its levels.
You also visited: Ossuary and Bailey.

You collected 744 gold pieces.

Inventory:

Hand Weapons
 a - a +2 dagger of chaos
 d - a +0 dagger
 e - a +3 dagger of electrocution
 v - a +2 spear of venom
 w - the +2 glaive of Yesterday (weapon) {freeze, Str+2 Int+6 Dex+3}
   (You found it on level 6 of the Dungeon)

   It has been specially enchanted to freeze those struck by it, causing extra
   injury to most foes and up to half again as much damage against particularly
   susceptible opponents.
   It can also slow down cold-blooded creatures.
   It affects your strength (+2).
   It affects your intelligence (+6).
   It affects your dexterity (+3).
 E - a +0 rapier
Missiles
 b - 284 stones (quivered)
 q - 18 tomahawks
Armour
 h - a +0 cloak
 u - a +0 pair of boots (worn)
 P - a +0 cloak of poison resistance (worn)
Magical Staves
 z - a cursed staff of cold {unknown}
 W - an uncursed staff of wizardry
Jewellery
 m - a ring of flight (left hand)
 r - an amulet of regeneration (around neck)
 s - an uncursed ring of ice
 y - a cursed ring of teleportation {unknown}
 D - an uncursed ring of magical power {unknown}
Wands
 C - a wand of iceblast (9)
 S - a wand of paralysis (5)
 T - a wand of clouds (4)
Scrolls
 f - 4 scrolls of magic mapping
 j - 7 scrolls of remove curse
 o - 5 scrolls of teleportation
 t - 2 scrolls of immolation
 H - 4 scrolls of amnesia
 I - a scroll of random uselessness {unknown}
 J - 3 scrolls of enchant armour
 K - a scroll of blinking
 R - a scroll of summoning {unknown}
 U - a scroll of silence {unknown}
 V - a scroll of holy word {unknown}
Potions
 g - 4 potions of haste
 i - 2 potions of resistance
 k - 3 potions of might
 l - 2 potions of berserk rage
 n - 2 potions of cancellation {unknown}
 p - a potion of invisibility {unknown}
 x - 2 potions of curing
 A - 3 potions of magic
 B - 4 potions of lignification {unknown}
 F - 3 potions of degeneration {unknown}
 G - 2 potions of brilliance {unknown}
 L - 2 potions of experience {unknown}
 M - a potion of heal wounds
 Q - a potion of flight {unknown}
Books
 N - a manual of Maces & Flails
Miscellaneous
 O - a lamp of fire
Comestibles
 c - 21 rations
 X - 7 chunks of flesh


   Skills:
 - Level 4.3 Fighting
 - Level 4.0 Short Blades
 - Level 5.1 Dodging
 + Level 3.4 Stealth
 * Level 6.7 Spellcasting
 - Level 7.0 Conjurations
 * Level 6.0 Transmutations
 + Level 11.1 Earth Magic
 - Level 6.1 Invocations


You had 8 spell levels left.
You knew the following spells:

 Your Spells              Type           Power        Failure   Level  Hunger
a - Sandblast             Erth           ######       1%          1    None
b - Passwall              Tmut/Erth      ######..     1%          2    None
c - Stone Arrow           Conj/Erth      ######       1%          3    None
d - Lee's Rapid Deconstr  Erth           ######....   1%          5    #####..
e - Petrify               Tmut/Erth      ######..     1%          4    ###....

Your spell library contained the following spells:

 Spells                   Type           Power        Failure   Level  Hunger
 Summon Small Mammal      Summ           #...         7%          1    None
 Lesser Beckoning         Tloc           #.........   21%         3    None
 Yara's Violent Unravell  Hex/Tmut       ###.......   50%         5    #####..
 Cause Fear               Hex            #.........   56%         4    ###....
 Passage of Golubria      Tloc           N/A          56%         4    ###....
 Silence                  Hex/Air        #.........   88%         5    #####..
 Deflect Missiles         Chrm/Air       #.........   100%        6    ######.
 Dispersal                Tloc           #.........   100%        6    ######.
 Haunt                    Necr/Summ      #.........   100%        7    #######
 Discord                  Hex            #.........   100%        8    #######


Dungeon Overview and Level Annotations

Branches:
Dungeon (12/15)            Temple (1/1) D:4            Lair (0/6) D:10
    Orc (1/2) D:10

Altars:
Ashenzari
Cheibriados
Dithmenos
Elyvilon
Fedhas
Gozag
Hepliaklqana
Kikubaaqudgha
Makhleb
Nemelex Xobeh
Okawaru
Qazlal
Ru
Sif Muna
Trog
Uskayaw
Vehumet
Wu Jian
Xom
Yredelemnul
Zin
The Shining One

Shops:
D:4 (

Annotations:
D:6 1 runed translucent door
D:11 3 runed translucent doors, Trampli's ghost, journeyman FoHu


Innate Abilities, Weirdness & Mutations

You can breathe waves of freezing cold.
You can buffet flying creatures when you breathe cold.
Your icy white scales are hard. (AC +7)
You cannot fit into any form of body armour.
Your flesh is cold resistant. (rC+)
You are cold-blooded and may be slowed by cold attacks.


Message History

* * * LOW HITPOINT WARNING * * *
The orc priest casts a cantrip, but nothing happens.
Casting: Petrify (safe; 1% risk of failure)
Confirm with . or Enter, or press ? or * to list all spells.
Aiming: Sandblast (safe; 1% risk of failure)
Press: ? - help, Shift-Dir - straight line, f/p - orc priest
Aim: an orc priest, wielding a +0 flail (almost dead)
The blast of sand hits the orc priest!
You kill the orc priest!
Sif Muna accepts your kill.
b - 284 stones Something hits you.
* * * LOW HITPOINT WARNING * * *
X - 7 chunks of flesh (gained 4)
Something hits you but does no damage. x2; Something barely misses you.
You slash something! You freeze something. Something barely misses you.
Something hits you.
* * * LOW HITPOINT WARNING * * *
Something hits you!
You die...

#....#
#.##.##.# #
.....##.##.#
#.......#
####<#### #.#
. #.# ...
###.####.....
#....@......#
#...##)##...#
#..## .# .
#". .# #.. ..
#.. .# #.. ..
##


There were no monsters in sight!

Vanquished Creatures
  Snorg (D:10)
  A great orb of eyes (D:9)
  A hydra (D:11)
  A two-headed ogre (D:10)
  An orc knight (Bailey)
  Prince Ribbit (D:7)
  A hippogriff (D:11)
  A spriggan (D:7)
  A wraith (D:10)
  6 yaks
  A hungry ghost (D:7)
  Eustachio (D:6)
  2 water moccasins
  Duvessa (D:7)
  3 porcupines
  4 black bears
  4 sky beasts
  3 ice beasts
  17 orc warriors
  6 ogres
  3 centaurs
  2 crocodiles
  3 big kobolds
  Dowan (D:7)
  5 bullfrogs
  A scorpion (D:5)
  6 killer bees
  2 howler monkeys
  9 crimson imps
  A quasit (D:10)
  A bullfrog zombie (D:7)
  2 jellies
  A centaur zombie (D:9)
  2 centaur skeletons
  8 hounds
  7 orc priests
  8 orc wizards
  Crazy Yiuf (D:7)
  A bullfrog skeleton (D:4)
  2 iguanas
  16 worker ants
  6 big kobold zombies (Ossuary)
  A hound zombie (D:7)
  A hound skeleton (D:7)
  A mummy (Ossuary)
  2 worker ant zombies
  14 adders
  11 gnolls
  3 adder skeletons
  3 worms (D:3)
  3 dart slugs
  2 leopard geckos
  79 orcs
  2 ball pythons
  6 giant cockroaches
  6 gnoll zombies (Ossuary)
  22 goblins
  29 hobgoblins
  17 jackals
  8 quokkas
  12 bats
  A bat simulacrum (Ossuary)
  7 frilled lizards
  4 goblin simulacra (Ossuary)
  6 goblin zombies (Ossuary)
  6 hobgoblin zombies (Ossuary)
  23 kobolds
  4 kobold simulacra (Ossuary)
  2 kobold zombies (Ossuary)
  4 orc zombies (Ossuary)
  A quokka zombie (D:5)
  11 rats
  3 rat simulacra (Ossuary)
  2 spectral goblins (Ossuary)
  2 spectral kobolds (Ossuary)
  3 spectral rats (Ossuary)
446 creatures vanquished.

Vanquished Creatures (others)
  10 fungi (D:10)
  A plant (D:10)
11 creatures vanquished.

Grand Total: 457 creatures vanquished

Notes
Turn   | Place    | Note
-------+----------+-------------------------------------------
     0 | D:1      | Folque the Draconian Earth Elementalist began the quest for
                  | the Orb.
     0 | D:1      | Reached XP level 1. HP: 14/14 MP: 3/3
   135 | D:1      | Reached skill level 1 in Fighting
   198 | D:1      | Reached XP level 2. HP: 17/23 MP: 5/5
   701 | D:2      | Reached XP level 3. HP: 27/29 MP: 2/6
   708 | D:2      | Learned a level 2 spell: Passwall
   712 | D:2      | Learned a level 3 spell: Stone Arrow
  1426 | D:2      | Reached XP level 4. HP: 36/36 MP: 8/8
  2090 | D:3      | Reached skill level 1 in Conjurations
  2182 | D:3      | Noticed a centaur
  2192 | D:3      | Killed a centaur
  2192 | D:3      | Reached skill level 4 in Earth Magic
  2192 | D:3      | Reached XP level 5. HP: 2/41 MP: 0/10
  2212 | D:3      | Learned a level 5 spell: Lee's Rapid Deconstruction
  3232 | D:3      | Noticed a moth of wrath
  3235 | D:3      | Found a bloodstained altar of Trog.
  3514 | D:4      | Reached XP level 6. HP: 44/48 MP: 2/12
  3562 | D:4      | Reached skill level 5 in Earth Magic
  3679 | D:4      | Found a staircase to the Ecumenical Temple.
  3688 | Temple   | Entered the Ecumenical Temple
  3743 | Temple   | Became a worshipper of Sif Muna the Loreminder
  3810 | D:4      | Found a shimmering altar of Xom.
  3993 | D:4      | Your scales start taking on an icy white colour.
  3993 | D:4      | Reached XP level 7. HP: 55/55 MP: 4/14
  3993 | D:4      | Gained mutation: Your flesh is cold resistant. (rC+) [White
                  | Draconian growth]
  4169 | D:4      | Reached skill level 5 in Spellcasting
  4226 | D:4      | Reached skill level 6 in Earth Magic
  4380 | D:4      | Learned a level 4 spell: Petrify
  4603 | D:4      | Found Catir's Weapon Emporium.
  4634 | D:5      | Entered Level 5 of the Dungeon
  4694 | D:5      | Found a sacrificial altar of Ru.
  5013 | D:5      | Reached * piety under Sif Muna
  5013 | D:5      | Reached skill level 1 in Short Blades
  5142 | D:5      | Reached XP level 8. HP: 61/61 MP: 11/15
  5207 | D:5      | Reached skill level 7 in Earth Magic
  5735 | D:6      | Reached skill level 1 in Invocations
  5849 | D:6      | Got an ebony glaive
  6057 | D:6      | Noticed Eustachio
  6069 | D:6      | Killed Eustachio
  6069 | D:6      | Reached skill level 8 in Earth Magic
  6077 | D:6      | Identified a scroll of acquirement
  6365 | D:6      | Reached XP level 9. HP: 67/67 MP: 2/16
  6461 | D:6      | Found a runed translucent door.
  6462 | D:6      | Found a glowing silver altar of Zin.
  6462 | D:6      | Noticed an angel
  7040 | D:7      | Reached ** piety under Sif Muna
  7219 | D:7      | Found a flagged portal.
  7229 | Bailey   | Entered a bailey
  7368 | Bailey   | Reached skill level 9 in Earth Magic
  7900 | Bailey   | Identified the cursed +2 glaive of Yesterday {freeze, Str+2
                  | Int+6 Dex+3} (You found it on level 6 of the Dungeon)
  8033 | Bailey   | Reached skill level 5 in Dodging
  8138 | Bailey   | Reached skill level 5 in Conjurations
  8452 | Bailey   | Noticed an orc knight
  8489 | Bailey   | Killed an orc knight
  8489 | Bailey   | Reached XP level 10. HP: 48/80 MP: 9/17
  8769 | D:7      | Found a runed translucent door.
  8770 | D:7      | Noticed Crazy Yiuf
  8866 | D:7      | Killed Crazy Yiuf
  9071 | D:7      | Noticed Duvessa
  9073 | D:7      | Noticed Dowan
  9242 | D:7      | Killed Duvessa
  9247 | D:7      | Killed Dowan
  9573 | D:7      | Noticed Prince Ribbit
  9584 | D:7      | Killed Prince Ribbit
  9797 | D:7      | Found a shadowy altar of Dithmenos.
 10179 | D:8      | Found an opulent altar of Gozag.
 10318 | D:8      | Found a sand-covered staircase.
 10327 | Ossuary  | Entered an ossuary
 10415 | Ossuary  | Reached *** piety under Sif Muna
 11091 | D:8      | You fall through a shaft!
 11095 | D:9      | Found a shadowy altar of Dithmenos.
 11095 | D:9      | Found a hide-covered altar of Uskayaw.
 11095 | D:9      | Found a snail-covered altar of Cheibriados.
 11113 | D:9      | Reached skill level 5 in Invocations
 11670 | D:8      | Reached skill level 10 in Earth Magic
 12332 | D:9      | Noticed a great orb of eyes
 12337 | D:9      | HP: 2/80 [disintegration (37)]
 12339 | D:9      | Killed a great orb of eyes
 12339 | D:9      | Reached **** piety under Sif Muna
 12592 | D:9      | Found a burning altar of Makhleb.
 12618 | D:9      | Reached XP level 11. HP: 80/85 MP: 12/18
 12675 | D:9      | Found an opulent altar of Gozag.
 12843 | D:10     | Entered Level 10 of the Dungeon
 13050 | D:10     | Noticed a two-headed ogre
 13072 | D:10     | Killed a two-headed ogre
 13374 | D:10     | Noticed Snorg
 13624 | D:10     | Killed Snorg
 13743 | D:10     | Reached skill level 5 in Transmutations
 13863 | D:10     | Found a staircase to the Lair.
 14674 | D:10     | Reached skill level 11 in Earth Magic
 14846 | D:10     | Found a staircase to the Orcish Mines.
 14850 | D:10     | Reached ***** piety under Sif Muna
 14883 | D:10     | Identified Sif Muna's Reference Book on Companions and
                  | Displacement (Sif Muna gifted it to you on level 10 of the
                  | Dungeon)
 14883 | D:10     | Received a gift from Sif Muna
 15032 | Orc:1    | Entered Level 1 of the Orcish Mines
 15400 | D:11     | Noticed a six-headed hydra
 15413 | D:11     | Killed a six-headed hydra
 15532 | D:11     | Found a runed translucent gate.
 15532 | D:11     | Found a runed translucent gate.
 15532 | D:11     | Found a runed translucent gate.
 15532 | D:11     | Noticed Trampli's ghost (journeyman FoHu)
 15807 | D:12     | Slain by an unseen horror

Skill      XL: |  1  2  3  4  5  6  7  8  9 10 11 |
---------------+----------------------------------+-----
Fighting       | 1 2 4 |  4.3
Spellcasting   | 3 4 5 6 |  6.7
Conjurations   | 1 3 5 6 7 |  7.0
Earth Magic    | 4 5 6 8 9 10 11 | 11.1
Dodging        | 2 3 5 |  5.1
Stealth        | 2 3 |  3.4
Transmutations | 2 3 6 |  6.0
Short Blades   | 1 2 3 4 |  4.0
Invocations    | 2 3 6 |  6.1

Action                   |  1- 3 |  4- 6 |  7- 9 | 10-12 || total
-------------------------+-------+-------+-------+-------++-------
Melee: Dagger            |   147 |   185 |   233 |    73 ||   638
       Tailslap          |    16 |    13 |    27 |    46 ||   102
       Unarmed           |     2 |       |       |       ||     2
       Glaive            |       |       |    67 |   332 ||   399
 Cast: Sandblast         |    17 |    19 |    32 |    35 ||   103
       Stone Arrow       |     3 |    20 |    48 |    72 ||   143
       Petrify           |       |       |    24 |    46 ||    70
       Lee's Rapid Decon |       |       |    19 |    32 ||    51
       Passwall          |       |       |       |     1 ||     1
Invok: Divine Energy     |       |       |     2 |       ||     2
       Stop Divine Energ |       |       |     1 |       ||     1
 Abil: Breathe Frost     |       |       |     1 |     1 ||     2
  Use: Scroll            |     4 |       |     8 |     7 ||    19
       Potion            |     1 |       |       |     2 ||     3
 Stab: Sleeping          |     5 |     7 |     3 |    17 ||    32
       Petrified         |       |       |    64 |    60 ||   124
       Petrifying        |       |       |       |     4 ||     4
  Eat: Chunk             |     2 |    10 |    26 |    27 ||    65
       Ration            |       |       |     1 |     4 ||     5
Armor: Skin              |    71 |    69 |    59 |   144 ||   343
Dodge: Dodged            |   114 |   119 |   142 |   305 ||   680
